 Dungeon Crawl Stone Soup version 0.31-a0-232-gb1c03b2570 (webtiles) character file.

Game seed: 15461995004118142124

256 qw the Shooter (level 5, -3/44 HPs)
             Began as a Minotaur Hexslinger on July 7, 2023.
             Slain by a gnoll
             ... wielding a +0 whip
              (5 damage)
             ... on level 4 of the Dungeon.
             The game lasted 00:00:54 (2829 turns).

qw the Shooter (Minotaur Hexslinger)                Turns: 2829, Time: 00:00:55

Health: -3/44      AC:  5    Str: 13    XL:     5   Next: 92%
Magic:  5/5        EV: 12    Int: 10    God:
Gold:   126        SH:  0    Dex: 16    Spells: 5/6 levels left

rFire   + . .        Y - +1 sling
rCold   . . .        (no shield)
rNeg    + . .        l - +2 robe {rN+}
rPois   .            (helmet restricted)
rElec   .            c - +0 cloak
rCorr   .            (no gloves)
SInv    +            (no boots)
Will    .....        k - amulet of regeneration
Stlth   ++           f - ring of see invisible
HPRegen 1.07/turn    (no ring)
MPRegen 0.09/turn

%: no passive effects
@: no status effects
A: horns 2, retaliatory headbutt, thin skeletal structure 1, fire resistance 1,
evolution 1, MP-powered wands
a: no special abilities


You were on level 4 of the Dungeon.
You visited 1 branch of the dungeon, and saw 4 of its levels.

You collected 126 gold pieces.


Innate Abilities, Weirdness & Mutations

You have a pair of horns on your head.
You reflexively headbutt those who attack you in melee.
You have a somewhat thin skeletal structure. (Dex +2, Stealth+)
Your flesh is heat resistant. (rF+)
You have hidden genetic potential.
You expend magic power (3 MP) to strengthen your wands.


   Skills:
 + Level 2.9 Fighting
 - Level 6.2 Ranged Weapons
 - Level 1.0 Armour
 - Level 2.1 Dodging
 - Level 1.0 Spellcasting
 - Level 2.0 Hexes


You had 5 spell levels left.
You knew the following spells:

 Your Spells              Type           Power      Damage    Failure   Level
a - Slow                  Hex            16%        N/A       16%         1

Your spell library contained the following spells:

 Spells                   Type           Power      Damage    Failure   Level
 Inner Flame              Hex/Fire       2%         N/A       56%         3
 Portal Projectile        Hex/Tloc       4%         N/A       56%         3
 Cause Fear               Hex            2%         N/A       83%         4

Inventory:

Hand Weapons
 Y - a +1 sling (weapon)
Armour
 c - a +0 cloak (worn)
 l - a +2 robe of positive energy (worn)
Jewellery
 a - a ring of see invisible
 f - a ring of see invisible (left hand)
 k - an amulet of regeneration (around neck)
Scrolls
 b - 4 scrolls of identify
Potions
 d - a potion of curing
 g - a potion of mutation
 i - a potion of enlightenment

Dungeon Overview and Level Annotations

Branches:
Dungeon (4/15)
 Temple: D:4-7

Altars:
Hepliaklqana
Kikubaaqudgha
Zin

Shops:
D:2 (*


Message History

You shoot a sling bullet.
The sling bullet closely misses the gnoll.
The sling bullet hits the hobgoblin.
You kill the hobgoblin!
A gnoll comes into view. It is wielding a +0 flail.
You shoot a sling bullet.
The sling bullet barely misses the gnoll.
The gnoll hits you but does no damage. The gnoll closely misses you.
You shoot a sling bullet. The sling bullet hits the gnoll.
The gnoll is severely wounded.
The gnoll hits you with a +0 whip. The gnoll hits you with a +0 club.
You shoot a sling bullet. The sling bullet hits the gnoll.
The gnoll is severely wounded.
The gnoll closely misses you. You furiously retaliate!
You headbutt the gnoll.
The gnoll hits you from afar with a +2 spear of distortion.
Space warps horribly around you! The gnoll misses you.
You shoot a sling bullet.
The sling bullet closely misses the gnoll.
The gnoll hits you with a +0 whip. The gnoll misses you.
The gnoll hits you with a +0 club.
You shoot a sling bullet. The sling bullet hits the gnoll!
You kill the gnoll!
The gnoll closely misses you. The gnoll barely misses you.
You shoot a sling bullet.
The sling bullet closely misses the gnoll.
The gnoll hits you with a +0 whip. The gnoll completely misses you.
You shoot a sling bullet.
The sling bullet barely misses the gnoll.
The gnoll closely misses you. The gnoll hits you with a +0 whip.
The gnoll barely misses you.
You shoot a sling bullet.
The sling bullet hits the gnoll but does no damage.
The gnoll is moderately wounded.
The gnoll hits you with a +0 whip. The gnoll barely misses you.
You shoot a sling bullet.
The sling bullet closely misses the gnoll.
The gnoll hits you with a +0 flail. The gnoll hits you with a +0 whip.
The gnoll hits you from afar with a +2 spear of distortion.
The gnoll hits you with a +0 whip.
You die...

#...........
##(......... ########
##......... .
###......## ##........
#.#.........##
##......#
.............##
##....##
.[............###.#####
.......).......##.#
.....g.@..........#
......gg.........##
..................##
...................#
...................#
..................##
.................## ###
.................####.#
.............#...##..#


You could see 3 gnolls.

Vanquished Creatures
  Sigmund (D:3)
  A gnoll (D:4)
  An adder (D:4)
  A worm (D:1)
  2 dart slugs
  2 orcs (D:3)
  3 ball pythons (D:1)
  3 endoplasms
  3 giant cockroaches
  7 goblins
  10 hobgoblins
  8 jackals
  4 kobolds
  6 bats
  2 frilled lizards
  7 rats
61 creatures vanquished.

Notes
Turn   | Place    | Note
-------+----------+-------------------------------------------
     0 | D:1      | qw the Minotaur Hexslinger began the quest for the Orb.
     0 | D:1      | Reached XP level 1. HP: 16/16 MP: 1/1
     0 | D:1      | 0 ||| qw: Version: 0.3-a-46-gb1f654a
     0 | D:1      | 0 ||| qw: Game counter: 2875
     0 | D:1      | 0 ||| qw: Melee chars always use a shield: true
     0 | D:1      | 0 ||| qw: God list: Okawaru
     0 | D:1      | 0 ||| qw: Allow faded altars: false
     0 | D:1      | 0 ||| qw: Do Orc after clearing Dungeon:15 true
     0 | D:1      | 0 ||| qw: Do second Lair branch before Depths: true
     0 | D:1      | 0 ||| qw: Lair rune preference: random
     0 | D:1      | 0 ||| qw: Goals: Normal
     0 | D:1      | 0 ||| PLANNING D:1-11
    51 | D:1      | Reached skill level 3 in Ranged Weapons
    64 | D:1      | Reached XP level 2. HP: 23/23 MP: 2/2
   393 | D:1      | Found a faded altar of an unknown god.
   584 | D:1      | 584 ||| UPGRADING to +0 ring mail.
   594 | D:1      | 594 ||| DROPPING +0 robe.
   595 | D:1      | 595 ||| READING scroll labelled DIYXTINUIB.
   596 | D:1      | 596 ||| READING scroll labelled TIAV PAIMO.
   597 | D:1      | 597 ||| DROPPING scroll of poison.
   636 | D:2      | Found Pahoc's General Store.
   642 | D:2      | 642 ||| STAIRDANCE
   645 | D:1      | Reached XP level 3. HP: 23/29 MP: 3/3
   673 | D:2      | 673 ||| SHOPLISTING scroll of enchant weapon (97 gold, have
                  | 12).
   706 | D:2      | Found Xyfimar's Weapon Shoppe.
   867 | D:2      | Found a glowing silver altar of Zin.
  1411 | D:2      | 1411 ||| UPGRADING to +0 cloak.
  1416 | D:2      | 1416 ||| UPGRADING to amulet of the acrobat.
  1421 | D:2      | 1421 ||| READING 4 scrolls labelled DYAWIS DALUUC.
  1422 | D:2      | 1422 ||| READING scroll labelled LAUQOO UZUXUUS.
  1423 | D:2      | 1423 ||| DRINKING 2 smoky cyan potions.
  1423 | D:2      | Gained mutation: Potions are less effective at restoring
                  | your health. [potion of mutation]
  1423 | D:2      | Gained mutation: Your system is resistant to poisons.
                  | (rPois) [potion of mutation]
  1423 | D:2      | Gained mutation: You expend magic power (3 MP) to
                  | strengthen your wands. [potion of mutation]
  1424 | D:2      | 1424 ||| DRINKING potion of mutation.
  1424 | D:2      | Lost mutation: You expend magic power (3 MP) to strengthen
                  | your wands. [potion of mutation]
  1424 | D:2      | Lost mutation: Your system is resistant to poisons. (rPois)
                  | [potion of mutation]
  1424 | D:2      | Lost mutation: Potions are less effective at restoring your
                  | health. [potion of mutation]
  1424 | D:2      | Gained mutation: You have hidden genetic potential. [potion
                  | of mutation]
  1424 | D:2      | Gained mutation: Your flesh is heat resistant. (rF+)
                  | [potion of mutation]
  1424 | D:2      | Gained mutation: You have a somewhat thin skeletal
                  | structure. (Dex +2, Stealth+) [potion of mutation]
  1425 | D:2      | 1425 ||| DRINKING 2 smoky amethyst potions.
  1426 | D:2      | 1426 ||| READING 3 scrolls of identify.
  1426 | D:2      | 1426 ||| IDENTIFYING bubbling sapphire potion
  1427 | D:2      | 1427 ||| READING 2 scrolls of identify.
  1427 | D:2      | 1427 ||| IDENTIFYING fuming purple potion
  1428 | D:2      | 1428 ||| DROPPING potion of brilliance.
  1502 | D:3      | Reached skill level 4 in Ranged Weapons
  1924 | D:3      | Reached skill level 1 in Armour
  1953 | D:3      | Found an ancient bone altar of Kikubaaqudgha.
  2140 | D:3      | Noticed Sigmund
  2150 | D:3      | Killed Sigmund
  2151 | D:3      | Reached skill level 6 in Ranged Weapons
  2151 | D:3      | Reached XP level 4. HP: 27/36 MP: 4/4
  2151 | D:3      | Reached XP level 5. HP: 31/41 MP: 5/5
  2162 | D:3      | Gained mutation: You expend magic power (3 MP) to
                  | strengthen your wands. [hidden potential]
  2400 | D:3      | 2400 ||| UPGRADING to +2 robe of positive energy.
  2410 | D:3      | 2410 ||| DROPPING +0 ring mail.
  2411 | D:3      | 2411 ||| UPGRADING to amulet of regeneration.
  2421 | D:3      | 2421 ||| DROPPING amulet of the acrobat.
  2422 | D:3      | 2422 ||| UPGRADING to ring of see invisible.
  2423 | D:3      | 2423 ||| READING scroll labelled DIRULAORCHI.
  2424 | D:3      | 2424 ||| READING scroll labelled HONKYNO YXATYNAXT.
  2573 | D:4      | Noticed an ogre
  2589 | D:4      | 2589 ||| FLEEEEING.
  2702 | D:4      | Found a hazy altar of Hepliaklqana.
  2826 | D:4      | HP: 11/44 [gnoll/+0 whip (3)]
  2829 | D:4      | HP: 4/44 [gnoll/+0 whip (2)]
  2829 | D:4      | Slain by a gnoll

Levels and vault maps discovered:
D:1:      grunt_arrival_lava_bath, layout_basic,
          shapermc_ecumenical_altar_totnotflames, minmay_misc_feat_roman
D:2:      layout_loops_corners, serial_shops, shop, shop, basic_altar
D:3:      layout_basic, kiku_gazebo_garden_becter, grunt_decor_mini_mirrors,
          solitary_fountain, roderic_lattice_a, patterned_corridor, uniq_sigmund
D:4:      kennysheep_goblin_castle, layout_cave_pods,
          mainiacjoe_overflow_cross_hatched, kennysheep_mini_moat

Skill      XL: |  1  2  3 |
---------------+----------+-----
Ranged Weapons | 3 6 |  6.2
Fighting       | 2 |  2.9
Armour         | 1 |  1.0
Dodging        | |  2.1
Spellcasting   | |  1.0
Hexes          | |  2.0

Action                     |  1- 3 |  4- 6 || total
---------------------------+-------+-------++-------
   Fire: Sling             |   141 |    43 ||   184
    Use: Scroll            |     6 |     2 ||     8
         Potion            |     3 |       ||     3
 Armour: Robe              |     9 |     3 ||    12
         Ring mail         |     9 |       ||     9
  Dodge: Dodged            |    53 |    18 ||    71

Table legend:
 A = Non-vault XP
 B = Vault XP
 C = Vault XP percentage of total XP
 D = Non-vault monster count
 E = Vault monster count
 F = Vault count percentage of total count
                 A         B        C        D         E       F
            +---------+---------+-------+---------+---------+-------
      Total |     130 |     237 |  64.6 |      57 |       4 |   6.6
            +---------+---------+-------+---------+---------+-------
        D:1 |      45 |       0 |   0.0 |      27 |       0 |   0.0
        D:2 |      18 |       0 |   0.0 |       9 |       0 |   0.0
        D:3 |      28 |     231 |  89.2 |      14 |       1 |   6.7
        D:4 |      39 |       6 |  13.3 |       7 |       3 |  30.0
            +---------+---------+-------+---------+---------+-------
